 Dungeon Crawl Stone Soup version 0.21-a0-104-g7b58145 (webtiles) character file.

103 MirrMurr the Chopper (level 4, -4/41 HPs)
             Began as a Hill Orc Berserker on July 6, 2017.
             Was a Believer of Trog.
             Slain by a gnoll
             ... wielding a +0 halberd of venom
              (6 damage)
             ... on level 2 of the Dungeon.
             The game lasted 00:04:05 (1280 turns).

MirrMurr the Chopper (Hill Orc Berserker)           Turns: 1280, Time: 00:04:06

Health: -4/41      AC:  6    Str: 20    XL:     4   Next: 79%
Magic:  4/4        EV: 10    Int:  7    God:    Trog [**....]
Gold:   74         SH:  3    Dex: 10    Spells: 3/3 levels left

rFire    + . .     SeeInvis .   a - +0 hand axe
rCold    . . .     Gourm    .   q - +0 buckler
rNeg     . . .     Faith    .   g - +0 ring mail
rPois    +         Spirit   .   o - +0 helmet
rElec    .         Reflect  .   (no cloak)
rCorr    .         Harm     .   (no gloves)
MR       .....                  (no boots)
Stlth    ..........             (no amulet)
HPRegen  0.13/turn              (no ring)
MPRegen  0.09/turn              (no ring)

@: lethally poisoned (-4 -> -26)
A: fire resistance 1, poison resistance
a: Berserk, Trog's Hand, Burn Spellbooks, Renounce Religion


You were on level 2 of the Dungeon.
You worshipped Trog.
Trog was pleased with you.
You were not hungry.

You visited 1 branch of the dungeon, and saw 2 of its levels.

You collected 74 gold pieces.

Inventory:

Hand Weapons
 a - a +0 hand axe (weapon)
Missiles
 e - 151 stones (quivered)
 r - 23 sling bullets
Armour
 g - a +0 ring mail (worn)
 o - a +0 helmet (worn)
 q - a +0 buckler (worn)
Jewellery
 m - a +5 ring of dexterity {unknown}
Scrolls
 d - a scroll of remove curse {unknown}
 f - a scroll of identify {unknown}
 h - a scroll of recharging {unknown}
 j - a scroll of magic mapping {unknown}
 l - a scroll of enchant weapon {unknown}
Potions
 k - a potion of haste {unknown}
 n - a potion of flight {unknown}
 p - a potion of agility {unknown}
Comestibles
 b - a meat ration
 c - 2 bread rations
 s - 4 chunks of flesh


   Skills:
 + Level 4.4 Fighting
 * Level 6.1 Axes
 + Level 2.7 Armour
 - Level 1.5 Dodging


You had 3 spell levels left.
You didn't know any spells.

Dungeon Overview and Level Annotations

Branches:
Dungeon (2/15)

Altars:
Nemelex Xobeh
Wu Jian


Innate Abilities, Weirdness & Mutations

Your flesh is heat resistant. (rF+)
Your system is resistant to poisons. (rPois)


Message History

You are lethally poisoned!
The giant cockroach bites you but does no damage.
You closely miss the gnoll. You barely miss the giant cockroach.
* * * LOW HITPOINT WARNING * * *
You feel sick. The gnoll hits you with a whip.
* * * LOW HITPOINT WARNING * * *
The gnoll hits you but does no damage.
You are more poisoned.
The giant cockroach bites you but does no damage.
* * * LOW HITPOINT WARNING * * *
You feel sick.
* * * LOW HITPOINT WARNING * * *
You feel sick.
Okay, then.
It was a potion of mutation.
You feel extremely strange.
You feel resistant to heat.
You feel resistant to poisons.
* * * LOW HITPOINT WARNING * * *
You feel sick. The gnoll completely misses you.
The gnoll hits you from afar with a halberd of venom.
You die...

#.# #.# #.# #### #.# #..
#####.###.# ..#
#.......#.# #.#
#.##......# #.#
#.##.####.# #.##
#@##.####.### #.#.
.#######g#..##.....# #.#.
......))sg..##.....###.#.
..######........_........
#...###.....##).## #...#
#.....##..#. ##..#
###.####.... ...#
#.####..## #.##
###.......##


You could see 2 gnolls and a giant cockroach.

Vanquished Creatures
  Jessica (D:2)
  2 gnolls (D:2)
  2 adders (D:2)
  A worm (D:2)
  A leopard gecko (D:1)
  A giant cockroach (D:1)
  A goblin (D:2)
  12 hobgoblins
  7 bats
  3 frilled lizards
  3 kobolds
  4 rats
38 creatures vanquished.

Notes
Turn   | Place    | Note
-------+----------+-------------------------------------------
     0 | D:1      | MirrMurr the Hill Orc Berserker began the quest for the Orb.
     0 | D:1      | Reached XP level 1. HP: 19/19 MP: 1/1
   154 | D:1      | Reached XP level 2. HP: 20/27 MP: 2/2
   446 | D:1      | Reached skill level 5 in Axes
   789 | D:2      | Reached XP level 3. HP: 30/33 MP: 3/3
   796 | D:2      | Reached ** piety under Trog
   896 | D:2      | Found a sparkling altar of Nemelex Xobeh.
  1149 | D:2      | Noticed Jessica
  1173 | D:2      | Killed Jessica
  1173 | D:2      | Reached XP level 4. HP: 29/40 MP: 4/4
  1187 | D:2      | Found an ornate altar of the Wu Jian Council.
  1268 | D:2      | Reached skill level 6 in Axes
  1280 | D:2      | Gained mutation: Your flesh is heat resistant. (rF+) [potion of mutation]
  1280 | D:2      | Gained mutation: Your system is resistant to poisons. (rPois) [potion of mutation]
  1280 | D:2      | HP: 2/41 [poisoned by a gnoll]
  1280 | D:2      | Slain by a gnoll

Vault maps used:
D:1:      lightli_arrival_windingriver, st_stairs_1, minmay_octomino_e4
D:2:      kennysheep_slug_shrine, nicolae_qazlal_style_of_elements,
          nicolae_overflow_crystal_walls, first_bread,
          nemelex_xobeh_ov_fountains_minmay, uniq_jessica

Skill      XL: |  1  2  3  4 |
---------------+-------------+-----
Axes           | 5 6 |  6.1
Fighting       | 4 |  4.4
Armour         | |  2.7
Dodging        | |  1.5

Action                   |  1- 3 |  4- 6 || total
-------------------------+-------+-------++-------
Melee: Hand axe          |   150 |    24 ||   174
  Use: Potion            |       |     1 ||     1
  Eat: Chunk             |     1 |       ||     1
Armor: Ring mail         |    60 |    15 ||    75
       Animal skin       |     3 |       ||     3
Dodge: Dodged            |    95 |    22 ||   117
Block: Buckler           |       |     6 ||     6
